 Dungeon Crawl Stone Soup version 0.21.1-1-g345015fe64 (webtiles) character file.

918 Raiden350 the Magician (level 8, 0/48 HPs)
             Began as a Gargoyle Earth Elementalist on July 12, 2018.
             Slain by Duvessa
             ... wielding a +0 rapier of flaming
              (4 damage)
             ... on level 5 of the Dungeon.
             The game lasted 00:35:21 (4783 turns).

Raiden350 the Magician (GrEE)                       Turns: 4783, Time: 00:35:22

Health: 0/48       AC:  9    Str: 11    XL:     8   Next: 9%
Magic:  6/14       EV: 12    Int: 19    God:
Gold:   279        SH:  0    Dex: 10    Spells: 2/15 levels left

rFire    . . .     SeeInvis .   y - +1 flail (crush)
rCold    . . .     Gourm    .   (no shield)
rNeg     + . .     Faith    .   c - +0 robe
rPois    ∞         Spirit   .   (no helmet)
rElec    +         Reflect  .   t - +0 cloak
rCorr    .         Harm     .   (no gloves)
MR       .....                  m - +0 pair of boots
Stlth    +.........             (no amulet)
HPRegen  0.16/turn              (no ring)
MPRegen  0.14/turn              (no ring)

@: confused
A: negative energy resistance 1, electricity resistance, unbreathing,
petrification resistance, rot immunity, AC +5
a: no special abilities


You were on level 5 of the Dungeon.
You were not hungry.

You visited 2 branches of the dungeon, and saw 6 of its levels.
You also visited: Sewer.

You collected 279 gold pieces.

Inventory:

Hand Weapons
 g - a +1 flail
 i - a +0 mace
 y - a +1 flail of crushing (weapon)
Missiles
 p - 106 arrows
 q - 95 stones (quivered)
Armour
 c - a +0 robe (worn)
 k - a +0 robe
 m - a +0 pair of boots (worn)
 t - a +0 cloak (worn)
 w - a +0 shield
 z - a +0 leather armour
Wands
 u - a wand of paralysis (4)
 x - a wand of flame (48)
Scrolls
 h - 4 scrolls of identify
 l - a scroll of remove curse
 n - a scroll of enchant weapon
 o - a scroll of blinking
 s - 2 scrolls of noise {unknown}
 v - 3 scrolls of teleportation
Potions
 b - a potion of lignification
 r - a potion of heal wounds {unknown}
Books
 e - a book of Geomancy

   Spells                             Type                      Level
   a - Sandblast                      Earth                        1
   b - Passwall                       Transmutation/Earth          2
   c - Stone Arrow                    Conjuration/Earth            3
   d - Petrify                        Transmutation/Earth          4
   e - Lee's Rapid Deconstruction     Earth                        5
 f - a book of Changes

   Spells                             Type                      Level
   a - Beastly Appendage              Transmutation                1
   b - Sticks to Snakes               Transmutation                2
   c - Spider Form                    Transmutation/Poison         3
   d - Ice Form                       Ice/Transmutation            4
   e - Blade Hands                    Transmutation                5
Comestibles
 a - 3 chunks of flesh
 d - 9 rations


   Skills:
 - Level 4.3 Fighting
 - Level 3.4 Maces & Flails
 - Level 1.4 Armour
 - Level 1.5 Dodging
 - Level 2.1 Stealth
 - Level 4.3 Spellcasting
 - Level 3.4 Conjurations
 - Level 1.6 Transmutations
 - Level 4.3 Earth Magic
 + Level 2.1 Evocations


You had 2 spell levels left.
You knew the following spells:

 Your Spells              Type           Power        Failure   Level  Hunger
a - Sandblast             Erth           ###...       2%          1    None
b - Stone Arrow           Conj/Erth      ###...       8%          3    ###....
c - Passwall              Tmut/Erth      ###.......   6%          2    #......
d - Sticks to Snakes      Tmut           ##......     11%         2    #......
e - Lee's Rapid Deconstr  Erth           ###.......   52%         5    ######.


Dungeon Overview and Level Annotations

Branches:
Dungeon (5/15)             Temple (1/1) D:4

Altars:
Ashenzari
Cheibriados
Dithmenos
Elyvilon
Fedhas
Gozag
Hepliaklqana
Kikubaaqudgha
Makhleb
Nemelex Xobeh
Qazlal
Ru
Sif Muna
Trog
Wu Jian
Xom
Zin
The Shining One

Annotations:
D:5 Duvessa


Innate Abilities, Weirdness & Mutations

You are resistant to torment.
Your stone body is resilient. (AC +5)
You are immune to poison.
You resist negative energy. (rN+)
You are resistant to electric shocks. (rElec)
You can survive without breathing.
You are immune to petrification.
You are immune to rotting.


Message History

Duvessa hits you with a rapier of flaming!
* * * LOW HITPOINT WARNING * * *
Duvessa burns you.
* * * LOW HITPOINT WARNING * * *
You swap places.
Duvessa hits your ball python with a rapier of flaming!
Duvessa burns your ball python.
Your ball python dies!
Sorry, you're not good enough to have a special ability.
You are confused.
You feel invigorated.
Duvessa hits you with a rapier of flaming.
* * * LOW HITPOINT WARNING * * *
Duvessa burns you.
* * * LOW HITPOINT WARNING * * *
You bump into the rock wall.
Duvessa hits you with a rapier of flaming!
* * * LOW HITPOINT WARNING * * *
Duvessa burns you.
You die...

######## #......#
#####.####.#
#.@........#
#e###.####.# #.#
#......## .# #.#
#####.#.###.### #####.##
#.###.......
#......######.#.###.##.
#........#............#.
#..#.###.#.............)
#. #. #.#.......#......


You could see Duvessa (berserk).

Vanquished Creatures
  Sigmund (D:2)
  A crocodile (Sewer)
  Dowan (D:5)
  A scorpion (D:4)
  A hound (D:5)
  4 orc wizards
  Jessica (D:3)
  Ijyb (D:4)
  An iguana (D:4)
  A hound zombie (D:3)
  11 adders
  An ooze (D:4)
  3 dart slugs
  4 worms
  3 leopard geckos
  15 orcs
  3 giant cockroaches
  13 goblins
  9 hobgoblins
  12 jackals
  2 ball pythons (D:3)
  11 bats
  3 frilled lizards
  A jackal skeleton (D:4)
  8 kobolds
  12 rats
124 creatures vanquished.

Vanquished Creatures (collateral kills)
  Menkaure (D:4)
  A rat (D:3)
2 creatures vanquished.

Grand Total: 126 creatures vanquished

Notes
Turn   | Place    | Note
-------+----------+-------------------------------------------
     0 | D:1      | Raiden350 the Gargoyle Earth Elementalist began the quest for the Orb.
     0 | D:1      | Reached XP level 1. HP: 10/10 MP: 3/3
    43 | D:1      | Reached skill level 1 in Fighting
   306 | D:1      | Reached XP level 2. HP: 17/17 MP: 1/5
   665 | D:1      | Reached XP level 3. HP: 22/22 MP: 3/6
   878 | D:1      | Learned a level 3 spell: Stone Arrow
   881 | D:1      | Learned a level 2 spell: Passwall
  1269 | D:2      | Reached skill level 1 in Armour
  1661 | D:2      | Found a glowing golden altar of the Shining One.
  1769 | D:2      | Noticed Sigmund
  1792 | D:3      | Reached XP level 4. HP: 27/27 MP: 2/7
  1849 | D:3      | Reached skill level 1 in Maces & Flails
  2118 | D:3      | Noticed Jessica
  2160 | D:3      | Killed Jessica
  2295 | D:3      | Reached XP level 5. HP: 31/31 MP: 4/8
  2317 | D:3      | Found a glowing drain.
  2407 | Sewer    | Entered a sewer
  2478 | Sewer    | Noticed a crocodile
  2507 | Sewer    | Killed a crocodile
  2639 | D:3      | Reached XP level 6. HP: 28/36 MP: 1/11
  2765 | D:3      | Found a glowing silver altar of Zin.
  2841 | D:3      | Learned a level 2 spell: Sticks to Snakes
  2944 | D:3      | Found a sacrificial altar of Ru.
  2977 | D:3      | Reached skill level 1 in Transmutations
  3247 | D:2      | Learned a level 5 spell: Lee's Rapid Deconstruction
  3323 | D:2      | Killed Sigmund
  3323 | D:2      | Reached XP level 7. HP: 30/40 MP: 1/13
  3803 | D:2      | Found a shattered altar of Ashenzari.
  3806 | D:2      | Found a sparkling altar of Nemelex Xobeh.
  3998 | D:4      | Noticed Menkaure
  4017 | D:4      | Killed Menkaure
  4052 | D:4      | Noticed Ijyb
  4052 | D:4      | Paralysed by Ijyb for 7 turns
  4067 | D:4      | Paralysed by Ijyb for 6 turns
  4083 | D:4      | Paralysed by Ijyb for 3 turns
  4090 | D:4      | Paralysed by Ijyb for 5 turns
  4099 | D:4      | Paralysed by Ijyb for 4 turns
  4107 | D:4      | Killed Ijyb
  4275 | D:4      | Found a staircase to the Ecumenical Temple.
  4289 | Temple   | Entered the Ecumenical Temple
  4613 | D:5      | Entered Level 5 of the Dungeon
  4689 | D:5      | Reached skill level 1 in Evocations
  4689 | D:5      | Reached XP level 8. HP: 48/48 MP: 7/14
  4764 | D:5      | Noticed Dowan
  4767 | D:5      | Noticed Duvessa
  4768 | D:5      | Killed Dowan
  4783 | D:5      | Slain by Duvessa

Skill      XL: |  1  2  3  4  5  6  7  8 |
---------------+-------------------------+-----
Fighting       | 1 2 4 |  4.3
Earth Magic    | 4 |  4.3
Armour         | 1 |  1.4
Maces & Flails | 2 3 |  3.4
Spellcasting   | 3 4 |  4.3
Transmutations | 1 |  1.6
Conjurations   | 3 |  3.4
Evocations     | 1 2 |  2.1
Dodging        | |  1.5
Stealth        | |  2.1

Action                   |  1- 3 |  4- 6 |  7- 9 || total
-------------------------+-------+-------+-------++-------
Melee: Unarmed           |    45 |       |       ||    45
       Flail             |     5 |    98 |    92 ||   195
 Cast: Sandblast         |    49 |    26 |    29 ||   104
       Stone Arrow       |     6 |    21 |    16 ||    43
       Sticks to Snakes  |       |     4 |     5 ||     9
       Lee's Rapid Decon |       |     1 |       ||     1
  Use: Potion            |     1 |       |     5 ||     6
       Scroll            |       |     6 |       ||     6
 Stab: Sleeping          |       |       |     1 ||     1
  Eat: Chunk             |     4 |     8 |     1 ||    13
       Ration            |       |     1 |     1 ||     2
Armor: Robe              |    19 |    42 |    60 ||   121
Dodge: Dodged            |    55 |    80 |    68 ||   203
